 Dungeon Crawl Stone Soup version 0.28-a0-657-g71136c5590 (webtiles) character file.

Game seed: 1568422018723390952

98 demibob the Covered (level 4, 0/39 HPs)
             Began as a Minotaur Fighter on Oct 14, 2021.
             Slain by a gnoll (7 damage)
             ... on level 2 of the Dungeon.
             The game lasted 00:03:00 (2296 turns).

demibob the Covered (Minotaur Fighter)              Turns: 2296, Time: 00:03:01

Health: 0/39       AC: 12    Str: 20    XL:     4   Next: 44%
Magic:  3/3        EV:  6    Int:  6    God:
Gold:   51         SH:  0    Dex: 10    Spells: 3/3 levels left

rFire   . . .      SeeInvis .   a - +0 war axe
rCold   . . .      Faith    .   (no shield)
rNeg    . . .      Spirit   .   c - +0 plate armour
rPois   .          Reflect  .   (helmet restricted)
rElec   .          Harm     .   (no cloak)
rCorr   .          Rampage  .   (no gloves)
Will    .....                   (no boots)
Stlth   ..........              (no amulet)
HPRegen 0.13/turn               (no ring)
MPRegen 0.08/turn               (no ring)

@: mighty, lit by a corona, flying, glowing
A: horns 2, retaliatory headbutt
a: no special abilities


You were on level 2 of the Dungeon.
You visited 1 branch of the dungeon, and saw 2 of its levels.

You collected 51 gold pieces.


Innate Abilities, Weirdness & Mutations

You have a pair of horns on your head.
You reflexively headbutt those who attack you in melee.


   Skills:
 - Level 3.6 Fighting
 + Level 4.4 Axes
 + Level 4.5 Armour
 - Level 4.4 Shields


You had 3 spell levels left.
You didn't know any spells.
Your spell library was empty.

Inventory:

Hand Weapons
 a - a +0 war axe (weapon)
Armour
 c - a +0 plate armour (worn)
Scrolls
 e - a scroll of teleportation {unknown}
Potions
 d - 2 potions of might

Dungeon Overview and Level Annotations

Branches:
Dungeon (2/15)

Altars:

#### ..# ## #.#
...#..###.######
#...gg)@......#
#....g##.####.#
# ......# #.#
#.# # ...... ..#
#.##### # ####.
#### #.....# #
#. #####.# #
##+# #.# #
##...## #.# #
##.....##
#####†######


You could see 3 gnolls.


Message History

You aren't carrying any items that you can evoke.
It was a potion of curing.
You feel better.
It was a potion of flight.
You feel very buoyant.
You fly up into the air.
The gnoll barely misses you. The gnoll hits you with a +0 halberd.
* * * LOW HITPOINT WARNING * * *
The gnoll shaman calls upon its god to speed up the gnoll.
The gnoll seems to speed up.
You hear a shout!
You see here a +0 flail.
You barely miss the gnoll. The gnoll hits you with a +0 halberd!
* * * LOW HITPOINT WARNING * * *
You feel better. The gnoll barely misses you.
You closely miss the gnoll shaman. Your headbutt misses the gnoll shaman.
The gnoll shaman hits you but does no damage.
The gnoll hits you from afar with a +0 halberd!
* * * LOW HITPOINT WARNING * * *
You closely miss the gnoll shaman.
The gnoll shaman hits you but does no damage.
The gnoll barely misses you.
The gnoll shaman hits you but does no damage.
You slash the gnoll shaman! Your headbutt misses the gnoll shaman.
The gnoll shaman is severely wounded.
The gnoll closely misses you.
The gnoll shaman hits you but does no damage.
You slash the gnoll shaman!
You kill the gnoll shaman!
The gnoll hits you from afar with a +0 halberd!
You die...

Skill      XL: |  1  2  3 |
---------------+----------+-----
Shields        | 4 |  4.4
Axes           | 3 4 |  4.4
Armour         | 4 |  4.5
Fighting       | |  3.6

Action                   |  1- 3 |  4- 6 || total
-------------------------+-------+-------++-------
Melee: War axe           |   105 |    16 ||   121
       Headbutt          |    13 |     3 ||    16
  Use: Scroll            |     2 |       ||     2
       Potion            |       |     4 ||     4
Armor: Scale mail        |    39 |       ||    39
       Plate armour      |    35 |     8 ||    43
Dodge: Dodged            |    40 |     7 ||    47

Levels and vault maps discovered:
D:1:      onia_arrival_zoo_common, layout_basic
D:2:      layout_loops_corners

Notes
Turn   | Place    | Note
-------+----------+-------------------------------------------
     0 | D:1      | demibob the Minotaur Fighter began the quest for the Orb.
     0 | D:1      | Reached XP level 1. HP: 19/19 MP: 0/0
    12 | D:1      | Noticed a lindwurm
    12 | D:1      | Noticed a water moccasin
    13 | D:1      | Noticed a black bear
    13 | D:1      | Noticed a snapping turtle
   173 | D:1      | Reached skill level 4 in Shields
   198 | D:1      | Reached XP level 2. HP: 26/26 MP: 1/1
   199 | D:1      | Reached skill level 3 in Axes
  1329 | D:2      | Reached XP level 3. HP: 23/31 MP: 2/2
  1732 | D:2      | Reached skill level 4 in Armour
  1803 | D:2      | Reached skill level 4 in Axes
  1951 | D:2      | Reached XP level 4. HP: 16/39 MP: 3/3
  2296 | D:2      | Slain by a gnoll

Vanquished Creatures
  A gnoll shaman (D:2)
  2 gnolls (D:2)
  2 adders (D:2)
  3 worms (D:2)
  A dart slug (D:2)
  6 endoplasms
  2 giant cockroaches
  6 goblins
  3 hobgoblins
  3 kobolds
  3 quokkas (D:2)
  6 ball pythons
  5 bats
  6 frilled lizards
  3 rats
52 creatures vanquished.

Table legend: (Time is in decaauts)
 A = Elapsed time spent in this place.
 B = Non-inter-level travel time spent in this place.
 C = Inter-level travel time spent in this place.
 D = Time resting spent in this place.
 E = Time spent auto-exploring this place.
 F = Levels seen in this place.
 G = Mean time per level.
                   A        B        C        D        E       F      G
               +--------+--------+--------+--------+--------+-----+--------+
         Total |   2334 |   2314 |     20 |    308 |   1643 |   2 | 1167.0 |
       Dungeon |   2334 |   2314 |     20 |    308 |   1643 |   2 | 1167.0 |
               +--------+--------+--------+--------+--------+-----+--------+

Top non-repeatable levels by time:
     D:1: 1195 daAuts
     D:2: 1139 daAuts

Table legend:
 A = Non-vault XP
 B = Vault XP
 C = Vault XP percentage of total XP
 D = Non-vault monster count
 E = Vault monster count
 F = Vault count percentage of total count
                 A         B        C        D         E       F
            +---------+---------+-------+---------+---------+-------
      Total |     180 |       0 |   0.0 |      52 |       0 |   0.0
            +---------+---------+-------+---------+---------+-------
        D:1 |      33 |       0 |   0.0 |      22 |       0 |   0.0
        D:2 |     147 |       0 |   0.0 |      30 |       0 |   0.0
            +---------+---------+-------+---------+---------+-------
